 Dungeon Crawl Stone Soup version 0.31-a0-175-g9f7f995f2b (webtiles) character file.

Game seed: 11697059700666758213

465 innerfire43 the Covered (level 6, -1/47 HPs)
             Began as a Demonspawn Monk on June 16, 2023.
             Was a Priest of Nemelex Xobeh.
             Slain by a gnoll bouda
             ... wielding a +0 whip
              (12 damage)
             ... on level 4 of the Dungeon.
             The game lasted 00:05:58 (2952 turns).

innerfire43 the Covered (Demonspawn Monk)           Turns: 2952, Time: 00:05:59

Health: -1/47      AC:  7    Str: 13    XL:     6   Next: 80%
Magic:  15/15      EV: 12    Int: 12    God:    Nemelex Xobeh [***...]
Gold:   40         SH:  0    Dex: 15    Spells: 5/5 levels left

rFire   . . .        p - +1 rapier (drain)
rCold   . . .        d - orb {light}
rNeg    . . .        v - +0 ring mail {rPois}
rPois   +            (no helmet)
rElec   .            s - +0 cloak
rCorr   .            (no gloves)
SInv    .            (no boots)
Will    +....        (no amulet) Stlth
                     h - ring of magical power
HPRegen 0.27/turn    (no ring)
MPRegen 0.14/turn

%: no passive effects
@: confused, ambrosia-drunk, enlightened, flying, glowing
A: large bone plates 1, foul stench 2, weakness stinger 2
a: Renounce Religion, Draw Escape, Draw Destruction, Draw Summoning, Triple Draw


You were on level 4 of the Dungeon.
You worshipped Nemelex Xobeh.
Nemelex Xobeh was most pleased with you.
You visited 1 branch of the dungeon, and saw 4 of its levels.

You collected 144 gold pieces.
You spent 104 gold pieces at shops.

Inventory:

Hand Weapons
 a - a +0 short sword
 i - a +0 short sword of holy wrath
 p - a +1 rapier of draining (weapon)
 r - a +4 quarterstaff of chaos
Missiles
 t - 2 throwing nets
Armour
 b - a +0 robe
 d - an orb of light (worn)
 m - a +0 ring mail
 s - a +0 cloak (worn)
 u - a +0 chain mail
 v - a +0 ring mail of poison resistance (worn)
Jewellery
 h - a ring of magical power (left hand)
Scrolls
 e - a scroll of acquirement {unknown}
 f - a scroll of fog {unknown}
 g - a scroll of teleportation {unknown}
 j - a scroll of silence {unknown}
 k - 4 scrolls of identify {unknown}
 n - a scroll of noise {unknown}
 o - a scroll of brand weapon {unknown}
 q - a scroll of torment {unknown}
 w - a scroll of revelation {unknown}


   Skills:
 - Level 3.0 Fighting
 - Level 3.3(3.7) Short Blades
 * Level 2.3(3.2) Long Blades
 * Level 3.9 Armour
 + Level 3.8 Dodging
 * Level 2.2 Shields


You had 5 spell levels left.
You didn't know any spells.
Your spell library was empty.

Dungeon Overview and Level Annotations

Branches:
Dungeon (4/15)
 Temple: D:4-7

Altars:
Nemelex Xobeh

Shops:
D:3 [


Innate Abilities, Weirdness & Mutations

You are partially covered in large bone plates. (SH +4)
You sometimes emit foul miasma when damaged in melee.
You have a tail ending in a sharp stinger.


Message History

The bullfrog misses you. The gnoll barely misses you.
The gnoll bouda barely misses you. The gnoll hits you with a +0 flail.
You emit a cloud of foul miasma!
The bullfrog hits you.
You barely miss the bullfrog. You tail-slap the bullfrog.
The bullfrog is severely wounded.
The bullfrog closely misses you. You block the gnoll's attack.
The gnoll bouda hits you with a +0 whip!
The gnoll is engulfed in dark miasma.
The gnoll is poisoned.
The gnoll closely misses you.
You are too injured to fight recklessly!
You are too injured to fight recklessly!
You are too injured to fight recklessly!
You draw a card...
You have drawn Wild Magic.
Dim flames ripple over the bullfrog's body.
The gnoll is struck by twisting air.
The gnoll has an odd expression for a moment!
The gnoll looks even sicker.
You kill the gnoll!
Magic surges out from the gnoll bouda.
The gnoll bouda seems to slow down.
Flickering shadows surround the ogre.
The ogre is drained!
You feel a surge of magic. The bullfrog barely misses you.
The gnoll misses you. The bullfrog closely misses you.
The gnoll bouda hits you with a +0 whip!
* * * LOW HITPOINT WARNING * * *
You are confused.
You feel invigorated.
The gnoll bouda is no longer moving slowly.
The bullfrog hits you.
* * * LOW HITPOINT WARNING * * *
The ogre barely misses you.
The gnoll hits you from afar with a +0 halberd!
* * * LOW HITPOINT WARNING * * *
Okay, then.
It was a potion of enlightenment.
You feel very buoyant.
You fly up into the air.
The bullfrog hits you.
* * * LOW HITPOINT WARNING * * *
The gnoll bouda hits you with a +0 whip!
You die...
Your body glows with a rainbow of weird colours and disappears.

...........................# ..
........#.##....)..>.......# ..#
........#.####.........#..###....
............##.........#.........
#.........#..##.........
..........#..#..........
[.......###.............
......g..###)#.#........
.....gF@..†.....##......
......○O....##..# #.....
................# .###.
..#............... .
#................## #.
.##.....##........
#....<....##..... #.....###..
....


You could see an ogre (drained), a bullfrog (drained), a gnoll bouda and a gnoll
(swift).

Vanquished Creatures
  An ogre (D:3)
  A scorpion (D:4)
  A howler monkey (D:4)
  2 orc priests
  Crazy Yiuf (D:2)
  An orc wizard (D:4)
  9 gnolls
  A river rat (D:3)
  3 adders (D:3)
  A dart slug (D:3)
  6 orcs
  2 endoplasms
  A giant cockroach (D:1)
  2 goblins
  2 hobgoblins
  6 quokkas
  7 ball pythons
  4 bats
  2 frilled lizards (D:1)
  5 kobolds
  2 rats
60 creatures vanquished.

Notes
Turn   | Place    | Note
-------+----------+-------------------------------------------
     0 | D:1      | innerfire43 the Demonspawn Monk began the quest for the
                  | Orb.
     0 | D:1      | Reached XP level 1. HP: 18/18 MP: 1/1
   353 | D:1      | Gained mutation: You are partially covered in large bone
                  | plates. (SH +4) [demonic ancestry]
   353 | D:1      | Reached XP level 2. HP: 20/24 MP: 2/2
  1369 | D:2      | Gained mutation: You may rarely emit foul miasma when
                  | damaged in melee. [demonic ancestry]
  1369 | D:2      | Reached XP level 3. HP: 29/29 MP: 3/3
  1369 | D:2      | Found a faded altar of an unknown god.
  1387 | D:2      | Prayed at the altar of an unknown god.
  1387 | D:2      | Became a worshipper of Nemelex Xobeh the Trickster
  1387 | D:2      | Reached * piety under Nemelex Xobeh
  1387 | D:2      | Received a gift from Nemelex Xobeh
  1387 | D:2      | Reached ** piety under Nemelex Xobeh
  1387 | D:2      | Received a gift from Nemelex Xobeh
  1387 | D:2      | Received a gift from Nemelex Xobeh
  1637 | D:2      | Reached *** piety under Nemelex Xobeh
  1644 | D:2      | Found a runed translucent door.
  1645 | D:2      | Noticed Crazy Yiuf
  1649 | D:2      | Killed Crazy Yiuf
  1872 | D:3      | Reached skill level 1 in Armour
  1875 | D:3      | Reached skill level 1 in Shields
  1875 | D:3      | Gained mutation: You sometimes emit foul miasma when
                  | damaged in melee. [demonic ancestry]
  1875 | D:3      | Reached XP level 4. HP: 34/35 MP: 4/4
  1887 | D:3      | Reached skill level 1 in Long Blades
  2102 | D:3      | Noticed an ogre
  2109 | D:3      | Killed an ogre
  2110 | D:3      | Gained mutation: You have a small tail. [demonic ancestry]
  2110 | D:3      | Reached XP level 5. HP: 18/41 MP: 5/5
  2314 | D:3      | Found Afixaha's Armour Shop.
  2319 | D:3      | Bought a +0 ring mail of poison resistance for 104 gold
                  | pieces
  2529 | D:3      | Received a gift from Nemelex Xobeh
  2731 | D:4      | Gained mutation: You have a tail ending in a sharp stinger.
                  | [demonic ancestry]
  2731 | D:4      | Reached XP level 6. HP: 42/47 MP: 6/6
  2952 | D:4      | Slain by a gnoll bouda

Illustrated notes

Levels and vault maps discovered:
D:1:      tarquinn_simple_flora_water_d, layout_basic, chequers_mini_garden,
          minmay_tiny_reverse_x
D:2:      layout_basic, ebering_ecumenical_altar_box, minmay_split_cup_large,
          uniq_crazy_yiuf_cottage
D:3:      layout_loops_ring, serial_shops, nicolae_shop_rolling_square,
          minivault_27
D:4:      layout_cave_pools

Skill      XL: |  1  2  3  4  5  6 |
---------------+-------------------+-----
Short Blades   | 3 |  3.3
Dodging        | 3 |  3.8
Armour         | 1 2 3 |  3.9
Shields        | 1 2 |  2.2
Long Blades    | 1 2 |  2.3
Fighting       | |  3.0

Action                     |  1- 3 |  4- 6 || total
---------------------------+-------+-------++-------
  Melee: Short sword       |    90 |       ||    90
         Rapier            |    14 |    91 ||   105
         Tailslap          |       |    12 ||    12
 Invoke: Draw Destruction  |     1 |     3 ||     4
    Use: Potion            |       |     2 ||     2
 Armour: Robe              |     2 |       ||     2
         Ring mail         |    10 |    27 ||    37
  Dodge: Dodged            |    55 |    59 ||   114
  Block: Orb               |    11 |    12 ||    23

Table legend: (Time is in decaauts)
 A = Elapsed time spent in this place.
 B = Non-inter-level travel time spent in this place.
 C = Inter-level travel time spent in this place.
 D = Time resting spent in this place.
 E = Time spent auto-exploring this place.
 F = Levels seen in this place.
 G = Mean time per level.
                   A        B        C        D        E       F      G
               +--------+--------+--------+--------+--------+-----+--------+
         Total |   2939 |   2774 |    165 |      0 |   2364 |   4 |  734.8 |
       Dungeon |   2939 |   2774 |    165 |      0 |   2364 |   4 |  734.8 |
               +--------+--------+--------+--------+--------+-----+--------+

Top non-repeatable levels by time:
     D:1: 1070 daAuts
     D:3: 873 daAuts
     D:2: 764 daAuts
     D:4: 231 daAuts
